 Dungeon Crawl Stone Soup version 0.17-a0-1378-g281efdd (webtiles) character file.

137 Steifyn the Ruffian (level 5, 39/52 HPs)
             Began as a Troll Monk on June 14, 2015.
             Was a Priest of Yredelemnul.
             Starved to death
             ... on level 4 of the Dungeon.
             The game lasted 00:16:26 (1346 turns).

Steifyn the Ruffian (Troll Monk)                    Turns: 1346, Time: 00:16:26

Health: 39/52      AC:  5    Str: 20    XL:     5   Next: 0%
Magic:  4/4        EV:  8    Int:  6    God:    Yredelemnul [***...]
Gold:   241        SH:  7    Dex: 12    Spells: 0 memorised, 4 levels left

rFire  . . .     SeeInvis .     d - +1 spear (venom)
rCold  . . .     Clarity  .     a - +0 robe
rNeg   . . .     SustAt   .     f - +0 shield
rPois  .         Gourm    +     (helmet restricted)
rElec  .         Spirit   .     (no cloak)
rCorr  .         Warding  .     (gloves unavailable)
rMut   .         Stasis   .     (boots unavailable)
MR     .....                    m - amulet of rage
Stlth  +.........               (no ring)
                                (no ring)

@: starving, not resistant to hostile enchantments, very unstealthy
A: unfitting armour, claws 3, fast metabolism 3, gourmand, regeneration 2,
shaggy fur 1, tough skin 2
a: Animate Dead, Recall Undead Slaves, Injury Mirror, Renounce Religion, Evoke
Berserk Rage


You were on level 4 of the Dungeon.
You worshipped Yredelemnul.
Yredelemnul was most pleased with you.
You were starving.

You visited 1 branch of the dungeon, and saw 4 of its levels.

You collected 241 gold pieces.

Inventory:

Hand weapons
 d - a +1 spear of venom (weapon)
Armour
 a - a +0 robe (worn)
 f - a +0 shield (worn)
Jewellery
 e - an uncursed amulet of resist mutation
 m - an amulet of rage (around neck)
Scrolls
 g - 6 scrolls of identify
 k - 2 scrolls of remove curse
 l - a scroll of amnesia {unknown}
Potions
 c - a potion of curing
 h - a potion of haste {unknown}
 n - 2 potions of brilliance {unknown}
Comestibles
 b - 3 bread rations
 i - a slice of pizza
 j - 2 meat rations


   Skills:
 + Level 2.9 Fighting
 + Level 0.2 Polearms
 + Level 3.5 Dodging
 + Level 1.3 Stealth
 + Level 0.5 Shields
 + Level 4.6 Unarmed Combat


You had 4 spell levels left.
You didn't know any spells.

Dungeon Overview and Level Annotations

Branches:
Dungeon (4/15)
 Temple: D:4-7

Altars:
Elyvilon
Yredelemnul


Innate Abilities, Weirdness & Mutations

You are too large for most types of armour.
You have claws for hands.
Your metabolism is lightning-fast.
You like to eat raw meat.
You heal very quickly.
You are covered in fur (AC +1).
You have very tough skin (AC +2).


Message History

Yredelemnul accepts your kill. The bat barely misses you.
You closely miss the bat. The bat hits you but does no damage.
The bat closely misses you. The bat hits you but does no damage.
You block the bat's attack. The bat hits you but does no damage.
You block the bat's attack. The bat hits you but does no damage.
The bat hits you but does no damage.
You hit the bat but do no damage.
The bat is poisoned.
The bat closely misses you. The bat hits you.
You hit the bat.
You kill the bat!
Yredelemnul accepts your kill.
You have reached level 5!
A rat comes into view.
You have starved to death.
You die...
Your body rises from the dead as a mindless zombie.

.......# #.r....###
##........ #.<.....#
## #..$....# ..
#......##.# .#####.
#.........# ..#.+.
#..@...####.###.#.#.
#...............#.#.
#......####.###.....
#..†......#.........
#(.....##.#####....†
#......##...........
#......########.....
######## .........
######.#.


You could see a rat.

Vanquished Creatures
  2 hounds (D:4)
  2 adders
  An ooze (D:1)
  A worm (D:2)
  2 giant geckos
  2 ball pythons
  2 giant cockroaches
  3 goblins
  6 hobgoblins
  11 kobolds
  9 bats
  4 giant newts
  6 rats
  A plant (D:3)
52 creatures vanquished.

Notes
Turn   | Place    | Note
--------------------------------------------------------------
     0 | D:1      | Steifyn the Troll Monk began the quest for the Orb.
     0 | D:1      | Reached XP level 1. HP: 22/22 MP: 0/0
    55 | D:1      | Reached XP level 2. HP: 29/29 MP: 1/1
   564 | D:2      | Found a faded altar to an unknown god.
   566 | D:2      | Reached XP level 3. HP: 36/36 MP: 2/2
   581 | D:2      | Became a worshipper of Yredelemnul the Dark
   581 | D:2      | Acquired Yredelemnul's first power
   581 | D:2      | Acquired Yredelemnul's second power
   867 | D:3      | Found a white marble altar of Elyvilon.
  1048 | D:3      | Acquired Yredelemnul's third power
  1160 | D:3      | Reached XP level 4. HP: 44/44 MP: 3/3
  1246 | D:4      | Noticed a phantom
  1344 | D:4      | Reached XP level 5. HP: 37/52 MP: 4/4
  1346 | D:4      | Starved to death

Vault maps used:
D:1:      noname_arrival_rooms_in_the_neighbourhood,
          minmay_misc_feat_four_crosses, item_on_display_a
D:2:      ecumenical_altar_2
D:3:      first_bread, elyvilon_altar_1
D:4:      serial_shops, nicolae_shop_trees

Action                   |  1- 3 |  4- 6 || total
-------------------------+-------+-------++-------
Melee: Unarmed           |    62 |       ||    62
       Spear             |    88 |    50 ||   138
  Use: Scroll            |     5 |       ||     5
       Potion            |     2 |       ||     2
 Stab: Sleeping          |     2 |       ||     2
  Eat: Chunk             |     2 |       ||     2
       Meat ration       |     1 |       ||     1
